Unix NetHack Version 5.0.0-0 post-release - last build May 10 2026 23:12:36 (d1fa5d53e341ca933230fdaa984d921c805b60aa,branch:main).

Game began 2026-05-13 15:30:40, ended 2026-05-13 16:12:52.

Drastanta, neutral female human Barbarian

                    ------------
                    |..........|
                    |..........|
     -----------  ##.@Z.%%.....|
     |%%%%.%%%.|  # |.Z.%......|
     |%%%(%!%%.|  # |...^......|
     |%%(%!%%].-### |..........|
     |%%!!%%(%.|#   ------------
     -----------#               #
                #               ###
                #               # #
                #               # #
              ###               # ##        #               -------
              #---------------- #  #        ####-----       ......|
              #|......).......| #  #------- #  #|...-###   #|<....|    -------
              #|.(......>.....| #  #|.....|##  #....|  #####-......##  |.....|
              #...............-##  #|.....|#    |(..|## ####------- ###......|
               ----------------    #.......#    -----                  |%....|
                                    -------                            -------

Drastanta the Pillager     St:18 Dx:17 Co:18 In:8 Wi:7 Ch:7  Neutral
Dlvl:4  $:543 HP:0(43) Pw:9(9) AC:7  Xp:4 T:1776 

Latest messages:
 You begin praying to Crom.
 You are surrounded by a shimmering light.
 The gnome zombie starts to attack you, but pulls back.
 The elf zombie starts to attack you, but pulls back.
 You finish your prayer.
 You feel that Crom is well-pleased.
 You feel much better.
 You are still in a pit.
 The elf zombie hits!
 The gnome zombie hits!
 You crawl to the edge of the pit.
 The elf zombie hits!
 The straw golem hits!
 The straw golem hits again!
 The gnome zombie hits!
 The straw golem hits!
 The straw golem hits again!
 You fall into a pit!
 You are still in a pit.
 The straw golem hits!
 The straw golem hits again!
 The gnome zombie falls into a pit!
 The gnome zombie is destroyed!
 You are still in a pit.
 The straw golem hits!
 The straw golem hits again!
 You miss the straw golem.
 The elf zombie falls into a pit!
 The straw golem hits!
 The straw golem hits again!
 You miss the straw golem.
 The straw golem hits!
 The straw golem hits again!
 You smite the straw golem!
 The elf zombie hits!
 The straw golem just misses!
 The straw golem hits!
 You destroy the straw golem!
 You are still in a pit.
 You are still in a pit.
 The elf zombie falls into a pit!
 The elf zombie hits!
 You are still in a pit.
 The elf zombie hits!
 You die...
 Do you want your possessions identified? [ynq] (y) y
 Do you want to see your attributes? [ynq] (y) y
 Do you want an account of creatures vanquished? [ynaq] (y) y
 Do you want to see your conduct and achievements? [ynq] (y) y
 Do you want to see the dungeon overview? [ynq] (y) y

Inventory:
 Coins    ('$')
  $ - 543 gold pieces
 Weapons  (')')
  a - a +0 battle-axe (weapon in hands)
  b - a +0 short sword (alternate weapon; not wielded)
 Armor    ('[')
  c - a blessed +0 ring mail (being worn)
 Comestibles  ('%')
  p - an uncursed slime mold
  d - 2 uncursed food rations
  n - an uncursed lembas wafer
  q - an uncursed pancake
 Scrolls  ('?')
  l - an uncursed scroll of enchant armor
  j - a blessed scroll of enchant weapon
  g - an uncursed scroll of enchant weapon
 Potions  ('!')
  h - 2 uncursed potions of healing
 Rings    ('=')
  m - an uncursed ring of protection from shape changers
 Wands    ('/')
  r - a wand of cancellation (0:4)
  e - a wand of slow monster (0:4)
  k - a wand of striking (0:4)
 Tools    ('(')
  i - a bag of tricks (0:5)

Drastanta the Barbarian's attributes:

Background:
 You were a Pillager, a level 4 female human Barbarian.
 You were neutral, on a mission for Crom
 who was opposed by Mitra (lawful) and Set (chaotic).
 You were right-handed.
 You were in the Dungeons of Doom, on level 4.
 You entered the dungeon 1776 turns ago.
 You had 124 experience points, 36 more were needed to attain level 5.

Basics:
 You had 0 out of 43 hit points.
 You had all 9 energy points (spell power).
 Your armor class was 7.
 Your wallet contained 543 zorkmids.
 Autopickup was off.

Final Characteristics:
 Your strength was 18 (limit:18/100).
 Your dexterity was 17 (limit:18).
 Your constitution was 18 (limit:18).
 Your intelligence was 8 (limit:18).
 Your wisdom was 7 (limit:18).
 Your charisma was 7 (limit:18).

Final Status:
 You were trapped in a pit.
 You weren't hungry.
 You were unencumbered.
 You were wielding an axe.
 You had basic skill with axe.

Final Attributes:
 You were devoutly aligned.
 You were poison resistant.
 You were warded.
 You are dead.

Miscellaneous:
 You didn't encounter any bones levels.
 Total elapsed playing time was 42 minutes and 12 seconds.

Major events:
 Turn
    1: Drastanta the neutral female human Barbarian entered the dungeon
 1078: entered the Gnomish Mines
 1092: attained the rank of Pillager (level 3)
 1776: killed by an elf zombie

You didn't know any spells.

Skills:
 Fighting Skills
   bare handed combat [Basic]
   two weapon combat  [Unskilled]
   riding             [Unskilled]
 Weapon Skills
   dagger             [Unskilled]
   axe                [Basic]
   pick-axe           [Unskilled]
   short sword        [Basic]
   broadsword         [Unskilled]
   long sword         [Unskilled]
   two-handed sword   [Unskilled]
   saber              [Unskilled]
   club               [Unskilled]
   mace               [Unskilled]
   morning star       [Unskilled]
   flail              [Unskilled]
   hammer             [Unskilled]
   quarterstaff       [Unskilled]
   spear              [Unskilled]
   trident            [Unskilled]
   bow                [Unskilled]
 Spellcasting Skills
   attack spells      [Unskilled]
   escape spells      [Unskilled]

Voluntary challenges:
 Character rerolling was not enabled.
 You were illiterate.
 You never genocided any monsters.
 You never polymorphed an object.
 You never changed form.
 You used no wishes.
Achievements:
 You entered a shop.
 You entered the Gnomish Mines.
 You attained the rank of Pillager.

 The Dungeons of Doom: levels 1 to 5
    Level 1:
       Some fountains.
    Level 2:
       A general store, a fountain, a sink.
       Stairs down to The Gnomish Mines.
    Level 3:
       A general store, a fountain.
    Level 4: <- You were here.
       A food shop.
       Final resting place for
          you, killed by an elf zombie.
    Level 5:
 The Gnomish Mines:
    Level 3:
 The Tutorial:
    Level 1:


Vanquished creatures:
  2 human zombies
 an elf zombie
  a straw golem
 an orc zombie
  2 dwarf zombies
  a werejackal
 an iguana
  2 giant rats
  a cave spider
  a yellow mold
  a gnome zombie
  3 geckos
  2 jackals
  2 foxes
  a kobold
  2 goblins
  2 grid bugs
  4 lichens
  a kobold zombie
31 creatures vanquished.

No species were genocided or became extinct.

Game over:
                       ----------
                      /          \
                     /    REST    \
                    /      IN      \
                   /     PEACE      \
                  /                  \
                  |    Drastanta     |
                  |      543 Au      |
                  | killed by an elf |
                  |      zombie      |
                  |                  |
                  |                  |
                  |       2026       |
                 *|     *  *  *      | *
        _________)/\\_//(\/(/\)/\//\/|_)_______

Goodbye Drastanta the Barbarian...

You died in The Dungeons of Doom on dungeon level 4 with 1185 points,
and 543 pieces of gold, after 1776 moves.
You were level 4 with a maximum of 43 hit points when you died.

